 Dungeon Crawl Stone Soup version 0.20-a0-942-ga5226df (webtiles) character file.

323 Deemzul the Skirmisher (level 6, -4/48 HPs)
             Began as a Demonspawn Fighter on Apr 1, 2017.
             Was an Initiate of Okawaru.
             Slain by an iguana (11 damage)
             ... on level 4 of the Dungeon.
             The game lasted 00:03:18 (2621 turns).

Deemzul the Skirmisher (Demonspawn Fighter)         Turns: 2621, Time: 00:03:19

Health: -4/48      AC:  6    Str: 18    XL:     6   Next: 23%
Magic:  6/6        EV:  8    Int: 10    God:    Okawaru [......]
Gold:   142        SH:  9    Dex: 12    Spells: 5/5 levels left

rFire    . . .     SeeInvis .   a - +0 war axe
rCold    . . .     Gourm    .   c - +0 shield
rNeg     . . .     Faith    .   i - +0 ring mail (curse)
rPois    .         Spirit   .   o - +1 hat
rElec    .         Reflect  .   (no cloak)
rCorr    .         Harm     .   (gloves unavailable)
MR       .....                  (no boots)
Stlth    +.........             l - amulet of regeneration
Regen    0.6/turn               (no ring)
MPRegen  0.1/turn               (no ring)

@: no status effects
A: claws 3, demonic guardian 1
a: Renounce Religion


You were on level 4 of the Dungeon.
You worshipped Okawaru.
Okawaru was noncommittal.
You were not hungry.

You visited 1 branch of the dungeon, and saw 4 of its levels.

You collected 142 gold pieces.

Inventory:

Hand Weapons
 a - a +0 war axe (weapon)
Armour
 b - a +0 scale mail
 c - a +0 shield (worn)
 i - a cursed +0 ring mail (worn)
 o - a +1 hat (worn)
Jewellery
 l - an amulet of regeneration (around neck)
 t - an uncursed ring of fire
Wands
 q - a wand of lightning (11/15)
 w - a wand of iceblast (4/15)
 y - a wand of flame (15/48)
Scrolls
 e - 4 scrolls of remove curse
 h - 3 scrolls of enchant weapon {unknown}
 m - a scroll of magic mapping {unknown}
 u - a scroll of teleportation
 v - 2 scrolls of identify
Potions
 d - a potion of might
 g - a potion of degeneration {unknown}
 j - a potion of agility {unknown}
 k - a potion of flight {unknown}
 p - a potion of curing {unknown}
 r - a potion of brilliance {unknown}
 s - 3 potions of haste
 x - a potion of heal wounds
 z - a potion of lignification {unknown}
 B - a potion of berserk rage {unknown}
 C - a potion of resistance {unknown}
Comestibles
 f - 4 bread rations
 n - a meat ration
 A - 7 fruits


   Skills:
 + Level 4.2 Fighting
 * Level 3.8 Axes
 + Level 3.5 Armour
 + Level 3.9 Shields


You had 5 spell levels left.
You didn't know any spells.

Dungeon Overview and Level Annotations

Branches:
Dungeon (4/15)
 Temple: D:4-7

Altars:
Dithmenos
Fedhas
Okawaru
Trog


Innate Abilities, Weirdness & Mutations

You have claws for hands.
A weak demonic guardian rushes to your aid.


Message History

The gnoll hits you from afar with a spear!
Your shield and ring mail prevent you from hitting the iguana.
The iguana is moderately wounded.
The gnoll closely misses you. The iguana bites you.
* * * LOW HITPOINT WARNING * * *
Unknown command.
You slash the iguana!
The iguana is almost dead.
You block the iguana's attack.
Unknown command.
Unknown command.
You hit the iguana but do no damage.
The iguana is almost dead.
The gnoll hits you from afar with a spear.
* * * LOW HITPOINT WARNING * * *
You block the iguana's attack.
The gnoll hits you from afar with a spear.
* * * LOW HITPOINT WARNING * * *
The iguana bites you!
You die...

............................
................#............
......).........#.g..........
................#.)....(.....
###.....#.......#gg..........
##......#...[...#...g........
........#.......#............
........#.......####†........
................@lgg.........
............####..g..........
#...........# #..........###
#...........# ###........#
#...........##..........###
#...........##..........#
#...........##..........#
.......................#
............?.........#


You could see an iguana and 3 gnolls.

Vanquished Creatures
  A phantom (D:4)
  A scorpion (D:3)
  A centaur skeleton (D:4)
  A hound skeleton (D:4)
  3 adders
  An ooze (D:1)
  A worm (D:2)
  4 dart slugs
  2 leopard geckos
  2 bats (D:1)
  A giant cockroach (D:3)
  5 goblins
  5 hobgoblins
  6 jackals
  A quokka (D:4)
  A ball python (D:3)
  6 frilled lizards
  4 kobolds
  11 rats
57 creatures vanquished.

Vanquished Creatures (collateral kills)
  A howler monkey (D:4)
  A bullfrog skeleton (D:4)
  A worker ant (D:4)
  A jackal (D:4)
4 creatures vanquished.

Grand Total: 61 creatures vanquished

Notes
Turn   | Place    | Note
-------+----------+-------------------------------------------
     0 | D:1      | Deemzul the Demonspawn Fighter began the quest for the Orb.
     0 | D:1      | Reached XP level 1. HP: 18/18 MP: 1/1
   354 | D:1      | Gained mutation: A weak demonic guardian rushes to your aid. [demonic ancestry]
   354 | D:1      | Reached XP level 2. HP: 9/24 MP: 2/2
  1135 | D:2      | Reached XP level 3. HP: 29/29 MP: 3/3
  1141 | D:2      | Noticed a moth of wrath
  1144 | D:2      | Found a bloodstained altar of Trog.
  1352 | D:2      | Found a blossoming altar of Fedhas.
  1958 | D:3      | Found a shadowy altar of Dithmenos.
  2043 | D:3      | Gained mutation: You have sharp fingernails. [demonic ancestry]
  2043 | D:3      | Reached XP level 4. HP: 26/35 MP: 4/4
  2423 | D:4      | Noticed a phantom
  2464 | D:4      | Killed a phantom
  2464 | D:4      | Gained mutation: You have very sharp fingernails. [demonic ancestry]
  2464 | D:4      | Reached XP level 5. HP: 30/42 MP: 5/5
  2497 | D:4      | Found an iron altar of Okawaru.
  2518 | D:4      | Became a worshipper of Warmaster Okawaru
  2546 | D:4      | Reached skill level 4 in Fighting
  2546 | D:4      | Gained mutation: You have claws for hands. [demonic ancestry]
  2546 | D:4      | Reached XP level 6. HP: 42/48 MP: 6/6
  2607 | D:4      | HP: 2/48 [iguana (9)]
  2621 | D:4      | Slain by an iguana

Vault maps used:
D:1:      sevenhm_arrival_forest_fort_small_5, minmay_stone_trees_large,
          minmay_pentomino_p2
D:2:      lemuel_coloured_pillars_altar, tgw_trog, first_bread
D:3:      lemuel_doored_altar
D:4:      kennysheep_vampire_church, okawaru_ov_weapons_minmay,
          portal_sewer_entry_e

Skill      XL: |  1  2  3  4  5 |
---------------+----------------+-----
Axes           | 2 3 |  3.8
Shields        | 3 |  3.9
Armour         | 3 |  3.5
Fighting       | 4 |  4.2

Action                   |  1- 3 |  4- 6 || total
-------------------------+-------+-------++-------
Melee: War axe           |   153 |    72 ||   225
  Use: Scroll            |     6 |       ||     6
       Potion            |       |     1 ||     1
  Eat: Chunk             |     3 |     3 ||     6
Armor: Scale mail        |    58 |       ||    58
       Ring mail         |     4 |    29 ||    33
Dodge: Dodged            |    39 |    38 ||    77
Block: Shield            |    59 |    46 ||   105
